 Dungeon Crawl Stone Soup version 0.29-a0-757-g358383bc75 (webtiles) character file.

Game seed: 10073054501299349055

2 DuloT34 the Sneak (level 1, -3/11 HPs)
             Began as a Vine Stalker Brigand on June 30, 2022.
             Succumbed to a goblin's poison
             ... on level 1 of the Dungeon.
             The game lasted 00:00:16 (254 turns).

DuloT34 the Sneak (Vine Stalker Brigand)             Turns: 254, Time: 00:00:16

Health: -3/11      AC:  3    Str: 13    XL:     1   Next: 40%
Magic:  0/2        EV: 11    Int: 11    God:
Gold:   14         SH:  0    Dex: 15    Spells: 0/0 levels left

rFire   . . .      SeeInvis .   a - +2 dagger
rCold   . . .      Faith    .   (no shield)
rNeg    . . .      Spirit   +   b - +0 robe
rPois   .          Reflect  .   (no helmet)
rElec   .          Harm     .   c - +0 cloak
rCorr   .          Rampage  .   (no gloves)
Will    .....                   (no boots)
Stlth   +++.......              (no amulet)
HPRegen 0.03/turn               (no ring)
MPRegen 0.08/turn               (no ring)

@: lethally poisoned (-3 -> -28)
A: fangs 2, magic shield, antimagic bite, no potion heal 2
a: no special abilities


You were on level 1 of the Dungeon.
You visited 1 branch of the dungeon, and saw 1 of its levels.

You collected 14 gold pieces.

Inventory:

Hand Weapons
 a - a +2 dagger (weapon)
Missiles
 d - 9 poisoned darts (quivered)
 e - 3 curare-tipped darts
Armour
 b - a +0 robe (worn)
 c - a +0 cloak (worn)
Scrolls
 f - a scroll of identify {unknown}


   Skills:
 + Level 1.9 Fighting
 + Level 1.9 Short Blades
 - Level 1.7 Throwing
 - Level 0.7 Dodging
 - Level 4.8 Stealth


You couldn't memorise any spells.
You didn't know any spells.
Your spell library was empty.

Dungeon Overview and Level Annotations

Branches:
Dungeon (1/15)

Altars:


Innate Abilities, Weirdness & Mutations

You have extremely sharp teeth.
When hurt, damage is shared between your health and your magic reserves.
Your bite disrupts and absorbs the magic of your enemies.
Potions cannot restore your health.


Message History

The kobold hits you with a +0 short sword.
A kobold is nearby!
You barely miss the kobold.
The kobold hits you with a +0 short sword.
A kobold is nearby!
You are too injured to fight recklessly!
You are too injured to fight recklessly!
You hit the kobold.
You kill the kobold!
You see here a +0 short sword.
Magic restored.
HP restored.
You see here a +0 short sword.
Found a robe.
You now have 14 gold pieces.
A goblin comes into view. It is wielding a +2 dagger of venom.
A goblin is nearby!
A goblin is nearby!
The goblin shouts!
The goblin hits you with a +2 dagger of venom.
You are poisoned.
You closely miss the goblin. You bite the goblin. You drain its power.
The goblin is severely wounded.
You feel sick.
The goblin hits you with a +2 dagger of venom.
You are more poisoned.
You are too injured to fight recklessly!
You are too injured to fight recklessly!
You are too injured to fight recklessly!
There is a lethal amount of poison in your body!
You completely miss the goblin. Your bite misses the goblin.
The goblin is severely wounded.
* * * LOW HITPOINT WARNING * * *
You feel very sick.
The goblin hits you with a +2 dagger of venom.
* * * LOW HITPOINT WARNING * * *
You are more poisoned.
You closely miss the goblin. You bite the goblin.
You kill the goblin!
You die...

### ... #.# ...#.#
### #..#.# ..
#..#.# ..#..#)#
.#..#@# ...#.#
###.##.# P.
..#.##.# ..
#.#)##.# ..
#.#.##.# #.
#.#.##.#
#.#########.#.##.#
.................#


There were no monsters in sight!

Vanquished Creatures
  A giant cockroach (D:1)
  A goblin (D:1)
  A kobold (D:1)
  A rat (D:1)
4 creatures vanquished.

Notes
Turn   | Place    | Note
-------+----------+-------------------------------------------
     0 | D:1      | DuloT34 the Vine Stalker Brigand began the quest for the
                  | Orb.
     0 | D:1      | Reached XP level 1. HP: 11/11 MP: 2/2
   254 | D:1      | Succumbed to a goblin's poison

Illustrated notes

Levels and vault maps discovered:
D:1:      heliophobic_arrival_battle_scene, layout_basic,
          dreamdust_princess_corridor, minmay_misc_feat_plants

Action                   || total
-------------------------++-------
Melee: Dagger            ||    10
       Bite              ||     3
 Stab: Sleeping          ||     1
Armor: Robe              ||     1
Dodge: Dodged            ||     2

Table legend: (Time is in decaauts)
 A = Elapsed time spent in this place.
 B = Non-inter-level travel time spent in this place.
 C = Inter-level travel time spent in this place.
 D = Time resting spent in this place.
 E = Time spent auto-exploring this place.
 F = Levels seen in this place.
 G = Mean time per level.
                   A        B        C        D        E       F      G
               +--------+--------+--------+--------+--------+-----+--------+
         Total |    253 |    253 |      0 |      0 |    220 |   1 |  253.0 |
       Dungeon |    253 |    253 |      0 |      0 |    220 |   1 |  253.0 |
               +--------+--------+--------+--------+--------+-----+--------+

Top non-repeatable levels by time:
     D:1: 253 daAuts
